 Dungeon Crawl Stone Soup version 0.31.0-12-g77e489cdc1 (webtiles) character file.

Game seed: 14447767890001528823

1059 112233 the Magician (level 8, -2/46 HPs)
             Began as an Octopode Conjurer on Feb 16, 2024.
             Was an Initiate of Gozag.
             Incinerated by a bombardier beetle (3 damage)
             ... with a burning spray
             ... on level 5 of the Dungeon.
             The game lasted 00:05:12 (5244 turns).

112233 the Magician (Octopode Conjurer)             Turns: 5244, Time: 00:05:13

Health: -2/46      AC:  1    Str:  4 (7)  XL:     8   Next: 27%
Magic:  17/17      EV: 13    Int: 16 (22) God:    Gozag
Gold:   354        SH:  0    Dex:  9 (10) Spells: 16/19 levels left

rFire   . . .        n - +1 short sword (venom)
rCold   . . .        (no shield)
rNeg    . . .        (helmet restricted)
rPois   .            y - amulet of magic regeneration
rElec   .            v - ring of flight
rCorr   .            (no ring)
SInv    .            (no ring)
Will    .....        (no ring)
Stlth   ++           (no ring)
HPRegen 0.27/turn    (no ring)
MPRegen 0.55/turn    (no ring)
                     (no ring)

%: no passive effects
@: brilliant, on fire, gold aura, attractive, flying, glowing, invisible (but
backlit and visible)
A: almost no armour, amphibious, 8 rings, camouflage 1, gelatinous body 1,
(nimble swimmer 1), tentacles, deterioration 1, mutation resistance 1
a: Renounce Religion, Potion Petition, Call Merchant, Bribe Branch


You were on level 5 of the Dungeon.
You worshipped Gozag.
Gozag was aware of your devotion.
You visited 2 branches of the dungeon, and saw 6 of its levels.

You collected 418 gold pieces.
You paid 64 gold pieces to Gozag.

Inventory:

Hand Weapons
 g - a +0 dagger
 n - a +1 short sword of venom (weapon)
 z - a +1 flail of holy wrath
Missiles
 h - 2 poisoned darts
 p - 3 darts of dispersal
Jewellery
 v - a ring of flight (left tentacle)
 x - a ring of ice
 y - an amulet of magic regeneration (around mantle)
Talismans
 f - a flux talisman
 i - a granite talisman
 A - a blade talisman
Wands
 o - a wand of iceblast (14)
 t - a wand of charming (11)
 B - a wand of acid (6)
Scrolls
 c - 4 scrolls of identify {unknown}
 e - a scroll of amnesia {unknown}
 j - 4 scrolls of teleportation {unknown}
 k - a scroll of enchant armour {unknown}
 l - a scroll of vulnerability {unknown}
 m - 2 scrolls of revelation {unknown}
 s - a scroll of fog {unknown}
Potions
 a - a potion of magic
 d - a potion of mutation


   Skills:
 - Level 2.4 Dodging
 - Level 3.5 Stealth
 * Level 6.2 Spellcasting
 + Level 6.1 Conjurations
 + Level 3.8 Shapeshifting


You had 16 spell levels left.
You knew the following spells:

 Your Spells              Type           Power      Damage    Failure   Level
a - Magic Dart            Conj           100%       1d8       1%          1
b - Searing Ray           Conj           74%        2d7       1%          2

Your spell library contained the following spells:

 Spells                   Type           Power      Damage    Failure   Level
 Mephitic Cloud           Conj/Alch/Air  17%        N/A       17%         3
 Ensorcelled Hibernation  Hex/Ice        14%        N/A       21%         2
 Jinxbite                 Hex            14%        N/A       21%         2
 Mercury Vapours          Alch/Air       14%        N/A       21%         2
 Sublimation of Blood     Necr           7%         N/A       21%         2
 Fulminant Prism          Conj/Alch      11%        3d9       36%         4
 Iskenderun's Mystic Bla  Conj/Tloc      22%        2d6       36%         4
 Passwall                 Erth           7%         N/A       38%         3
 Swiftness                Air            7%         N/A       38%         3
 Irradiate                Conj/Alch      11%        3d15      71%         5
 Petrify                  Alch/Erth      7%         N/A       80%         4
 Freezing Cloud           Conj/Ice/Air   8%         6-21      85%         5
 Yara's Violent Unravell  Hex/Alch       3%         3d4       98%         5
 Enfeeble                 Hex            3%         N/A       100%        7


Dungeon Overview and Level Annotations

Branches:
Dungeon (5/15)             Temple (1/1) D:4

Altars:
Cheibriados
Dithmenos
Elyvilon
Fedhas
Gozag
Hepliaklqana
Kikubaaqudgha
Makhleb
Sif Muna
Uskayaw
Vehumet
Wu Jian
Xom
Yredelemnul
Zin
The Shining One


Innate Abilities, Weirdness & Mutations

You cannot wear most types of armour.
You are amphibious.
You can wear up to eight rings at the same time.
Your skin changes colour to match your surroundings (Stealth+).
Your rubbery body absorbs attacks. (AC +1, EV +1)
((You are camouflaged when in or above water. (Stealth+)))
You have tentacles for arms and can constrict up to eight enemies at once.
Your body sometimes deteriorates upon taking damage.
You are somewhat resistant to further mutation.


Message History

You are on fire!
Unknown command.
You are on fire!
Unknown command.
You are on fire!
Unknown command.
It was a potion of curing.
You feel better. The liquid fire burns you!
Unknown command.
You are on fire!
You are on fire!
You are on fire!
The liquid fire burns you!
Your body deteriorates!
You feel dopey. The liquid fire burns you! The liquid fire burns you!
The liquid fire burns you! The liquid fire burns you!
The liquid fire burns you! The liquid fire burns you!
* * * LOW HITPOINT WARNING * * *
Your body deteriorates!
You feel dopey.
It was a potion of brilliance.
You feel clever all of a sudden. The liquid fire burns you!
* * * LOW HITPOINT WARNING * * *
Unknown command.
It was a potion of attraction.
You feel attractive to monsters. The liquid fire burns you!
* * * LOW HITPOINT WARNING * * *
Unknown command.
It was a potion of degeneration.
There was something very wrong with that liquid.
You feel weakened.
You feel dopey.
You feel clumsy. The liquid fire burns you!
* * * LOW HITPOINT WARNING * * *
It was a potion of invisibility.
You become transparent, but the glow from your liquid flames prevents you from becoming completely invisible.
The liquid fire burns you!
You die...
Your body crumbles into a pile of gold.

#. #. .#
.. #. #$
#.##
#@########
##.#...#.
#....#..
#.#.#...#
###.##.##
#.##.#
#....#
###..#
#..#


There were no monsters in sight!

Vanquished Creatures
  Sigmund (D:3)
  3 black bears
  A phantom (D:5)
  A scorpion (D:5)
  2 bombardier beetles (D:5)
  4 hounds (D:5)
  3 orc priests (D:4)
  Ijyb (D:4)
  Robin (D:3)
  7 gnolls
  4 adders
  11 orcs
  8 ball pythons
  4 bats (D:1)
  3 endoplasms
  5 giant cockroaches
  11 goblins
  7 hobgoblins
  2 quokkas (D:1)
  6 frilled lizards
  8 kobolds
  12 rats
105 creatures vanquished.

Notes
Turn   | Place    | Note
-------+----------+-------------------------------------------
     0 | D:1      | 112233 the Octopode Conjurer began the quest for the Orb.
     0 | D:1      | Reached XP level 1. HP: 11/11 MP: 3/3
   175 | D:1      | Reached XP level 2. HP: 17/17 MP: 0/5
   322 | D:1      | Learned a level 2 spell: Searing Ray
   779 | D:1      | Reached XP level 3. HP: 21/21 MP: 3/6
   895 | D:1      | Found a faded altar of an unknown god.
  2239 | D:2      | Reached XP level 4. HP: 27/27 MP: 2/8
  2731 | D:3      | Noticed Sigmund
  2738 | D:3      | Killed Sigmund
  2739 | D:3      | Reached skill level 1 in Shapeshifting
  2739 | D:3      | Reached XP level 5. HP: 26/31 MP: 8/10
  2739 | D:3      | Reached XP level 6. HP: 30/36 MP: 8/11
  3294 | D:3      | Noticed Robin
  3298 | D:3      | Killed Robin
  3299 | D:3      | Reached skill level 5 in Conjurations
  3561 | D:4      | Found a staircase to the Ecumenical Temple.
  3566 | D:4      | Noticed Ijyb
  3570 | D:4      | Killed Ijyb
  3584 | Temple   | Entered the Ecumenical Temple
  3589 | Temple   | Became a worshipper of Gozag Ym Sagoz the Greedy
  3747 | D:4      | Noticed a black bear
  3754 | D:4      | Killed a black bear
  3903 | D:4      | Reached XP level 7. HP: 41/41 MP: 6/14
  4293 | D:4      | Found a glowing golden altar of the Shining One.
  4346 | D:5      | Entered Level 5 of the Dungeon
  4364 | D:5      | Reached skill level 5 in Spellcasting
  4815 | D:5      | Reached XP level 8. HP: 21/46 MP: 8/16
  4819 | D:5      | Gained mutation: Your body sometimes deteriorates upon
                  | taking damage. [potion of mutation]
  4819 | D:5      | Gained mutation: You are somewhat resistant to further
                  | mutation. [potion of mutation]
  5243 | D:5      | HP: 1/46 [burnt (3)]
  5244 | D:5      | Incinerated by a bombardier beetle

Illustrated notes

Levels and vault maps discovered:
D:1:      nicolae_arrival_washed_ashore, layout_basic,
          shapermc_ecumenical_altar_notcrosses
D:2:      layout_basic, minmay_misc_feat_cross, minmay_rat_gold_closets
D:3:      layout_loops_cross, hangedman_feature_mirror,
          kennysheep_generic_room_13, uniq_robin, uniq_sigmund
D:4:      layout_cave_pools, mainiacjoe_overflow_surrounded_room,
          minmay_temple_entry_water_ring, supply_closet_lemuel, uniq_ijyb
D:5:      layout_loops_ring, lemuel_doored_altar, kennysheep_donut,
          minmay_parallelograms, kennysheep_path_1, uniq_edmund,
          uniq_blork_the_orc
Temple:   minmay_freezing_vapour_temple

Skill      XL: |  1  2  3  4  5  6  7  8 |
---------------+-------------------------+-----
Stealth        | 3 |  3.5
Spellcasting   | 3 4 5 6 |  6.2
Shapeshifting  | 1 2 3 |  3.8
Conjurations   | 5 6 |  6.1
Dodging        | |  2.4

Action                     |  1- 3 |  4- 6 |  7- 9 || total
---------------------------+-------+-------+-------++-------
  Melee: Unarmed           |     4 |       |       ||     4
         Constrict         |     1 |     1 |       ||     2
         Short sword       |       |     4 |       ||     4
         Tentacles         |       |     1 |       ||     1
   Cast: Magic Dart        |    79 |    63 |    37 ||   179
         Searing Ray       |       |     9 |    19 ||    28
  Evoke: Wand              |       |     3 |       ||     3
    Use: Potion            |       |       |     7 ||     7
 Armour: Skin              |     1 |     1 |     9 ||    11
  Dodge: Dodged            |     4 |     5 |    11 ||    20
